 Dungeon Crawl Stone Soup version 0.13-a0-1804-g486adc7 (webtiles) character file.

3196 saces the Ruinous (level 9, -2/44 HPs)
             Began as a Tengu Wizard on June 24, 2013.
             Killed by divine providence
             ... invoked by an orc priest
              (11 damage)
             ... on Level 7 of the Dungeon on June 25, 2013.
             The game lasted 03:10:39 (12473 turns).

saces the Ruinous (Tengu Wizard)                   Turns: 12473, Time: 03:10:39

HP  -2/44        AC  8     Str  8      XL: 9   Next: 81%
MP  14/22        EV 14     Int 21      God:
Gold 242         SH  0     Dex 12      Spells:  7 memorised,  2 levels left

Res.Fire  : . . .   See Invis. : .   u - +4,+0 flail (protect)
Res.Cold  : . . .   Warding    : .   p - +1 robe
Life Prot.: + . .   Conserve   : .   (no shield)
Res.Poison: .       Res.Corr.  : .   b - +0 wizard hat
Res.Elec. : .       Clarity    : .   (no cloak)
Sust.Abil.: . .     Spirit.Shd : .   (no gloves)
Res.Mut.  : .       Stasis     : .   (boots unavailable)
Res.Rott. : .       Flight     : .   (no amulet)
Saprovore : . . .                    (no ring)
                                     w - ring of life protection

@: slightly resistant to hostile enchantments, stealthy
A: able to fly, beak, talons 3, carnivore 1, Int -1
a: Fly


You were on level 7 of the Dungeon.
You were not hungry.

You visited 1 branch of the dungeon, and saw 7 of its levels.

You collected 222 gold pieces.

Inventory:

Hand weapons
 a - a +0,+2 orcish spear of dragon slaying
 e - a +0,+2 orcish spear of dragon slaying
 i - a +2,+0 whip of flaming
 k - a +1,+0 spear of freezing
 o - a +1,+1 spear of dragon slaying
 s - a +0,+2 orcish spear of dragon slaying
 u - a +4,+0 flail of protection (weapon)
 v - a +2 elven blowgun
 x - a +0,+0 sling
 C - a cursed -1,-2 bow
 D - a +2,+0 elven dagger
 E - a +3,+2 elven dagger of venom
 N - a +0,+0 long sword
Missiles
 g - 39 darts (quivered)
 h - 43 sling bullets
 n - 29 poisoned needles
 t - a throwing net
 z - 75 arrows
Armour
 b - a +0 wizard hat (worn)
 p - a +1 robe (worn)
Comestibles
 d - 6 bread rations
 f - 2 pears
 A - a chunk of worker ant flesh
 B - an apple
 G - a choko
Scrolls
 j - a scroll of noise
 l - a scroll of enchant weapon II
 q - a scroll of remove curse
 y - a scroll of curse weapon
 F - 2 scrolls of identify
 I - a scroll of teleportation {unknown}
 J - a scroll of enchant weapon I {unknown}
 K - 2 scrolls of fog
Jewellery
 w - a ring of life protection (left hand)
Potions
 r - a potion of heal wounds
 M - a potion of restore abilities
 O - 2 potions of curing
 Q - a potion of flight
Books
 c - a book of Minor Magic

   Spells                             Type                      Level
   *Magic Dart                        Conjuration                  1
   *Blink                             Translocation                2
   *Call Imp                          Summoning                    2
   *Repel Missiles                    Charms/Air                   2
   *Slow                              Hexes                        2
   *Conjure Flame                     Conjuration/Fire             3
   *Mephitic Cloud                    Conjuration/Poison/Air       3


   Skills:
 + Level 4.9 Dodging
 + Level 4.8 Stealth
 + Level 1.0 Traps
 + Level 4.8 Spellcasting
 * Level 7.2 Conjurations
 * Level 7.1 Summonings
 - Level 1.8 Translocations
 + Level 3.2 Fire Magic
 + Level 3.9 Air Magic
 + Level 3.0 Poison Magic


You had 2 spell levels left.
You knew the following spells:

 Your Spells              Type           Power        Failure   Level  Hunger
a - Magic Dart            Conj           ####         1%          1    None
b - Call Imp              Summ           ####......   1%          2    None
c - Blink                 Tloc           N/A          10%         2    None
d - Slow                  Hex            #.......     17%         2    None
e - Mephitic Cloud        Conj/Pois/Air  ###.....     6%          3    ##.....
f - Conjure Flame         Conj/Fire      ####....     4%          3    ##.....
g - Repel Missiles        Chrm/Air       ##........   10%         2    None


Dungeon Overview and Level Annotations

Branches:
Dungeon (7/27)
 Temple: D:4-7          Orc: D:6-11

Altars:
Elyvilon
Fedhas
Kikubaaqudgha
Makhleb
Yredelemnul
Zin
the Shining One

Annotations
D:7 Ijyb


Innate Abilities, Weirdness & Mutations

You can fly.
You have a beak for a mouth.
You have claws for feet.
Your digestive system is specialised to digest meat.
You are dopey (Int -1).


Message History

The orc priest hits you with an orcish whip.
The goblin is engulfed in noxious fumes.
The goblin appears confused.
A sky beast and Ijyb come into view.
You hit the orc priest but do no damage.
The orc priest is moderately wounded.
The orc priest closely misses you.
The goblin gestures wildly.
The orc priest shouts!
Something hits Ijyb.
The goblin closely misses something.
You see here an orcish hand axe.
The orc priest mumbles some strange prayers to Beogh against you.
Something smites you!
The orc priest complains to no one in particular.
The orc priest invokes the aid of Beogh against you.
Something smites you!
* * * LOW HITPOINT WARNING * * *
The orc priest mumbles some strange prayers to Beogh against you.
Something smites you!
You die...

.........##..........#...........
.........##.........#............
.......).........................
......o..o.......................
.......#..#......................
.........gI......................
.........>)......................
..........).o.........)%.........
................@.............%..
.............#.#................>
. ........##.#.#...............#
........###.#.....###..<#...#
#..#.## #.##....# #.###.##. #####
######### ### #####


You could see Ijyb, a sky beast and an orc priest.

Vanquished Creatures
  Pikel (D:5)
  An orc warrior (D:6)
  3 slaves
  An ice beast (D:5)
  2 sky beasts (D:5)
  A phantom (D:5)
  2 ogres
  Duvessa (D:6)
  2 wargs (D:6)
  2 centaurs (D:5)
  2 giant frogs
  Dowan (D:6)
  A goliath beetle (D:5)
  A quasit (D:7)
  5 crimson imps
  3 orc priests
  A hound (D:5)
  An ogre skeleton (D:6)
  A gnoll shaman (D:6)
  3 scorpions
  4 worker ants
  3 iguanas
  5 orc wizards
  2 jellies (D:5)
  6 gnolls
  8 adders
  An adder skeleton (D:4)
  2 giant mites (D:5)
  6 worms
  3 giant geckos
  2 oozes
  22 orcs
  2 ball pythons
  5 giant cockroaches
  13 goblins
  20 hobgoblins
  6 jackals
  14 bats
  6 giant newts
  A giant spore (D:6)
  14 kobolds
  A quokka (D:2)
  A quokka skeleton (D:4)
  13 rats
195 creatures vanquished.

Vanquished Creatures (collateral kills)
  Grinder (D:6)
  Edmund (D:4)
  A slave (D:3)
  An ogre (D:3)
  A worker ant (D:5)
  A jelly (D:6)
  A gnoll (D:6)
  A giant mite (D:3)
  An orc (D:6)
  A bat (D:6)
  A hobgoblin (D:5)
  A jackal (D:5)
12 creatures vanquished.

Vanquished Creatures (others)
  5 crimson imps
  An iron imp (D:5)
  4 white imps
  A shadow imp (D:5)
  A giant spore (D:6)
  A goblin (D:1)
13 creatures vanquished.

Grand Total: 220 creatures vanquished

Notes
Turn   | Place    | Note
--------------------------------------------------------------
     0 | D:1      | saces, the Tengu Wizard, began the quest for the Orb.
     0 | D:1      | Reached XP level 1. HP: 8/8 MP: 5/5
   957 | D:1      | Reached XP level 2. HP: 13/13 MP: 8/8
   961 | D:1      | Learned a level 2 spell: Call Imp
   964 | D:1      | Learned a level 2 spell: Blink
   967 | D:1      | Learned a level 2 spell: Slow
  1644 | D:2      | Reached XP level 3. HP: 17/17 MP: 6/10
  2303 | D:2      | Reached XP level 4. HP: 22/22 MP: 1/12
  2396 | D:2      | Found a white marble altar of Elyvilon.
  2534 | D:3      | Noticed an ogre
  2569 | D:3      | Killed an ogre
  2569 | D:3      | Reached skill level 1 in Translocations
  2569 | D:3      | Reached XP level 5. HP: 26/26 MP: 2/15
  2625 | D:3      | Found a glowing golden altar of the Shining One.
  2713 | D:3      | Learned a level 3 spell: Mephitic Cloud
  3732 | D:4      | Gained mutation: You are dopey (Int -1). [potion of mutation]
  3732 | D:4      | Gained mutation: Your digestive system is specialised to digest meat. [potion of mutation]
  3790 | D:4      | Noticed Edmund
  4189 | D:4      | Reached XP level 6. HP: 31/31 MP: 15/17
  4374 | D:4      | Reached skill level 4 in Conjurations
  4521 | D:4      | Killed Edmund
  4521 | D:4      | Reached skill level 1 in Air Magic
  4692 | D:4      | Noticed an ogre
  4700 | D:4      | Reached XP level 7. HP: 35/35 MP: 8/18
  4969 | D:4      | Killed an ogre
  4993 | D:4      | Learned a level 3 spell: Conjure Flame
  5031 | D:5      | Entered Level 5 of the Dungeon
  5198 | D:5      | Noticed Pikel
  5918 | D:4      | Reached skill level 1 in Poison Magic
  6972 | D:5      | Killed Pikel
  6972 | D:5      | Reached skill level 5 in Conjurations
  6972 | D:5      | Reached skill level 5 in Summonings
  6972 | D:5      | Reached skill level 1 in Fire Magic
  6972 | D:5      | Reached XP level 8. HP: 40/40 MP: 6/21
  7150 | D:5      | Learned a level 2 spell: Repel Missiles
  8031 | D:5      | Reached skill level 6 in Summonings
  8635 | D:6      | Noticed Duvessa
  8639 | D:5      | Reached XP level 9. HP: 41/44 MP: 16/22
  8660 | D:6      | Noticed Dowan
 10295 | D:6      | Killed Dowan
 10516 | D:6      | Killed Duvessa
 10659 | D:6      | Noticed Grinder
 10679 | D:6      | Paralysed by Grinder for 5 turns
 10679 | D:6      | Killed Grinder
 11096 | D:6      | Found an ancient bone altar of Kikubaaqudgha.
 11100 | D:6      | Found a blossoming altar of Fedhas.
 11595 | D:6      | Found a basalt altar of Yredelemnul.
 11595 | D:6      | Found a burning altar of Makhleb.
 11706 | D:7      | Reached skill level 7 in Conjurations
 11724 | D:7      | Found a glowing silver altar of Zin.
 12241 | D:6      | Reached skill level 1 in Traps
 12464 | D:7      | Noticed Ijyb
 12473 | D:7      | Killed from afar by an orc priest

Action                   |  1- 3 |  4- 6 |  7- 9 || total
-------------------------+-------+-------+-------++-------
Melee: Dagger            |    18 |    51 |       ||    69
       Whip              |    15 |       |       ||    15
       Flail             |       |       |    56 ||    56
       Unarmed           |       |       |     6 ||     6
 Fire: Blowgun           |       |       |    30 ||    30
Throw: Dart              |       |     3 |    49 ||    52
 Cast: Magic Dart        |    83 |   128 |   455 ||   666
       Call Imp          |     2 |    10 |    35 ||    47
       Slow              |       |     2 |     1 ||     3
       Mephitic Cloud    |       |     3 |    45 ||    48
       Blink             |       |     1 |     3 ||     4
       Conjure Flame     |       |       |     8 ||     8
       Repel Missiles    |       |       |     2 ||     2
 Abil: Fly               |       |     4 |    54 ||    58
  Use: Potion            |     2 |     7 |     6 ||    15
       Scroll            |     6 |     8 |     6 ||    20
 Stab: Confused          |       |       |     1 ||     1
